 Dungeon Crawl Stone Soup version 0.27-a0-797-g27d10ad80f (webtiles) character file.

Game seed: 14245180742464033477

724 sahdkjhfkaj the Magician (level 7, -3/54 HPs)
             Began as a Demonspawn Hedge Wizard on Mar 27, 2021.
             Was a Follower of Ru.
             Succumbed to a water moccasin's poison
             ... on level 5 of the Dungeon.
             The game lasted 00:11:45 (8482 turns).

sahdkjhfkaj the Magician (Demonspawn Hedge Wizard)  Turns: 8482, Time: 00:11:45

Health: -3/54      AC:  2    Str: 11    XL:     7   Next: 43%
Magic:  0/14       EV: 15    Int: 17    God:    Ru [*.....]
Gold:   205        SH:  0    Dex: 12    Spells: 7/16 levels left

rFire    . . .     SeeInvis .   a - +0 dagger (freeze)
rCold    . . .     Faith    .   (no shield)
rNeg     . . .     Spirit   .   b - +0 robe
rPois    .         Reflect  .   c - +0 hat
rElec    .         Harm     .   (no cloak)
rCorr    .         Rampage  .   (no gloves)
Will     .....                  (boots unavailable)
Stlth    +.........             (no amulet)
HPRegen  0.18/turn              (no ring)
MPRegen  0.14/turn              (no ring)

@: lethally poisoned (-3 -> -24), very slightly contaminated
A: hooves 3, repulsion field 2, powered by pain 1, inability to train armour
a: Renounce Religion


You were on level 5 of the Dungeon.
You worshipped Ru.
Ru was aware of your devotion.
You visited 2 branches of the dungeon, and saw 6 of its levels.

You collected 251 gold pieces.
You spent 46 gold pieces at shops.

Inventory:

Hand Weapons
 a - a +0 dagger of freezing (weapon)
Missiles
 Z - a throwing net
Armour
 b - a +0 robe (worn)
 c - a +0 hat (worn)
 e - a +0 pair of boots
 i - a +0 kite shield
Wands
 V - a wand of flame (18)
Scrolls
 f - a scroll of fog
 p - a scroll of immolation
 R - a scroll of identify
Potions
 d - a potion of ambrosia
 g - 2 potions of brilliance
 h - a potion of attraction
 j - a potion of mutation {unknown}
 k - a potion of curing {unknown}
 m - a potion of heal wounds {unknown}
 n - a potion of magic {unknown}


   Skills:
 + Level 4.2 Fighting
 - Level 1.7 Dodging
 - Level 2.0 Stealth
 - Level 5.0 Spellcasting
 - Level 3.0 Conjurations
 - Level 3.0 Summonings
 - Level 0.8 Translocations
 - Level 2.0 Fire Magic
 - Level 1.0 Air Magic
 - Level 1.0 Poison Magic


You had 7 spell levels left.
You knew the following spells:

 Your Spells              Type           Power      Damage    Failure   Level
a - Magic Dart            Conj           56%        1d5       4%          1
b - Call Imp              Summ           14%        N/A       6%          2
j - Conjure Flame         Conj/Fire      12%        6-21      16%         3
m - Mephitic Cloud        Conj/Pois/Air  9%         N/A       22%         3

Your spell library contained the following spells:

 Spells                   Type           Power      Damage    Failure   Level
 Blink                    Tloc           N/A        N/A       16%         2
 Slow                     Hex            4%         N/A       22%         2


Dungeon Overview and Level Annotations

Branches:
Dungeon (5/15)             Temple (1/1) D:4

Altars:
Ashenzari
Dithmenos
Fedhas
Gozag
Hepliaklqana
Kikubaaqudgha
Makhleb
Nemelex Xobeh
Okawaru
Qazlal
Ru
Sif Muna
Trog
Uskayaw
Vehumet
Wu Jian
Xom
Yredelemnul
Zin
The Shining One

Shops:
D:2 (?!*


Innate Abilities, Weirdness & Mutations

You have hooves in place of feet.
You are surrounded by a moderate repulsion field. (EV +3)
You sometimes gain a little power by taking damage.
You cannot train Armour skill.


Message History

The water moccasin is heavily wounded.
The water moccasin bites you. The water moccasin bites you!
You are poisoned.
The water moccasin poisons you!
You hit the water moccasin. Your kick misses the water moccasin.
The water moccasin is heavily wounded.
You feel extremely sick. The water moccasin barely misses you.
As you read the scroll labelled DEDOMN ENANIK, it crumbles to dust.
It is a scroll of brand weapon.
Your +0 dagger of venom is covered with a thin layer of ice!
a - a +0 dagger of freezing (weapon)
You feel sick. The water moccasin barely misses you.
You hit the water moccasin.
The water moccasin seems to slow down.
You freeze the water moccasin.
The water moccasin is heavily wounded.
You feel sick. The water moccasin bites you.
You hit the water moccasin but do no damage.
Your kick misses the water moccasin.
The water moccasin is heavily wounded.
You feel sick. The water moccasin bites you.
Casting: Magic Dart (safe; 4% risk of failure)
Confirm with . or Enter, or press ? or * to list all spells.
Aiming: Magic Dart (safe; 4% risk of failure)
Press: ? - help, Shift-Dir - straight line, f/p - water moccasin
Aim: a water moccasin (heavily wounded, slow, 0% to evade)
The magic dart hits the water moccasin.
The water moccasin is severely wounded.
You feel sick.
You are no longer poisoned.
The water moccasin is no longer moving slowly.
The water moccasin bites you!
* * * LOW HITPOINT WARNING * * *
You closely miss the water moccasin.
The water moccasin is severely wounded.
The water moccasin barely misses you. x2
Casting: Magic Dart (safe; 4% risk of failure)
Confirm with . or Enter, or press ? or * to list all spells.
Aiming: Magic Dart (safe; 4% risk of failure)
Press: ? - help, Shift-Dir - straight line, f/p - water moccasin
Aim: a water moccasin (severely wounded, 0% to evade)
You miscast Magic Dart.
You are very lightly contaminated with residual magic.
Nothing appears to happen.
The water moccasin bites you.
* * * LOW HITPOINT WARNING * * *
You are lethally poisoned!
The water moccasin poisons you!
You barely miss the water moccasin. Your kick misses the water moccasin.
The water moccasin is severely wounded.
You die...

........# ##....##
.......## #..### .......#
#####.## ......## #.##..#
.....## #....## ###.##
#....# ##.## ##..##
##.#################.)##
#.......).)S@.)..)....###
##.#...#############....###
#.....## #......###
#......# ##.......#
#......## ##.......
#.......# #.......
#.......## ##......
#........# #..##..
#........# ##.####


You could see a water moccasin.

Vanquished Creatures
  An ice beast (D:4)
  2 ogres (D:5)
  A water moccasin zombie (D:5)
  A scorpion (D:4)
  2 hounds
  A jelly (D:4)
  An orc wizard (D:4)
  A hound zombie (D:5)
  4 gnolls (D:5)
  11 adders
  A shadow imp (D:5)
  An ufetubus (D:5)
  A worm (D:2)
  3 dart slugs
  6 orcs
  6 ball pythons
  7 endoplasms
  2 giant cockroaches (D:1)
  6 goblins
  10 hobgoblins
  15 jackals
  3 kobolds
  3 quokkas
  4 bats
  4 frilled lizards
  A quokka skeleton (D:4)
  12 rats
110 creatures vanquished.

Vanquished Creatures (collateral kills)
  Natasha (D:3)
  A jackal (D:1)
2 creatures vanquished.

Grand Total: 112 creatures vanquished

Notes
Turn   | Place    | Note
-------+----------+-------------------------------------------
     0 | D:1      | sahdkjhfkaj the Demonspawn Hedge Wizard began the quest for
                  | the Orb.
     0 | D:1      | Reached XP level 1. HP: 13/13 MP: 4/4
   183 | D:1      | Gained mutation: You have large cloven feet. [demonic
                  | ancestry]
   183 | D:1      | Reached XP level 2. HP: 15/19 MP: 0/6
   796 | D:1      | Learned a level 2 spell: Call Imp
  1014 | D:1      | Gained mutation: You are surrounded by a mild repulsion
                  | field. (EV +2) [demonic ancestry]
  1014 | D:1      | Reached XP level 3. HP: 24/24 MP: 5/7
  2022 | D:2      | Found Nitwixish's Magic Scroll Boutique.
  2022 | D:2      | Found Vibb's Distillery.
  2068 | D:1      | Reached skill level 3 in Summonings
  2271 | D:2      | Found Xuefris's Antique Weapon Boutique.
  2385 | D:2      | Gained mutation: You are surrounded by a moderate repulsion
                  | field. (EV +3) [demonic ancestry]
  2385 | D:2      | Reached XP level 4. HP: 30/30 MP: 0/8
  2468 | D:2      | Found Beomus's Assorted Antiques.
  2490 | D:2      | Bought a scroll labelled ZEUCVYGROARE for 23 gold pieces
  2490 | D:2      | Bought a scroll labelled ZEUCVYGROARE for 23 gold pieces
  2996 | D:3      | Reached skill level 3 in Conjurations
  3429 | D:3      | Reached skill level 1 in Fighting
  3535 | D:3      | Noticed Natasha
  3934 | D:3      | Noticed a moth of wrath
  3937 | D:3      | Found a bloodstained altar of Trog.
  4164 | D:3      | Killed Natasha
  4231 | D:3      | Learned a level 3 spell: Mephitic Cloud
  4264 | D:3      | Gained mutation: You sometimes gain a little power by
                  | taking damage. [demonic ancestry]
  4264 | D:3      | Reached XP level 5. HP: 36/38 MP: 4/9
  4396 | D:3      | Found a stormy altar of Qazlal.
  4430 | D:3      | Reached skill level 1 in Poison Magic
  4747 | D:4      | Identified the +0 plate armour of Forking Paths {+Blink
                  | +Fly Dex-5}
  4858 | D:4      | Found a staircase to the Ecumenical Temple.
  4889 | D:4      | Reached skill level 1 in Air Magic
  4906 | Temple   | Entered the Ecumenical Temple
  5055 | Temple   | Became a worshipper of Ru the Awakened
  5460 | D:4      | Found a radiant altar of Vehumet.
  5561 | D:4      | Reached skill level 4 in Spellcasting
  5561 | D:4      | Gained mutation: You have hoof-like feet. [demonic
                  | ancestry]
  5561 | D:4      | Reached XP level 6. HP: 22/44 MP: 9/12
  6126 | D:4      | Found a shimmering altar of Xom.
  6326 | D:5      | Entered Level 5 of the Dungeon
  6357 | D:5      | Noticed an ice beast
  6702 | D:4      | Learned a level 3 spell: Conjure Flame
  6758 | D:4      | Killed an ice beast
  6999 | D:5      | Reached skill level 5 in Spellcasting
  7360 | D:5      | Gained mutation: You have hooves in place of feet. [demonic
                  | ancestry]
  7360 | D:5      | Reached XP level 7. HP: 38/50 MP: 8/14
  7734 | D:5      | Gained mutation: You cannot train Armour skill. [Ru
                  | sacrifice]
  7734 | D:5      | Reached * piety under Ru
  7743 | D:5      | Reached skill level 3 in Fighting
  8215 | D:5      | Found an ancient bone altar of Kikubaaqudgha.
  8482 | D:5      | Succumbed to a water moccasin's poison

Illustrated notes

Levels and vault maps discovered:
D:1:      psy_arrival_whirlpool, layout_loops_ring, minmay_misc_feat_diagonals,
          nrook_uturn, minmay_pentomino_w2
D:2:      layout_rooms, serial_shops, nicolae_shop_stone, shop,
          nicolae_shop_trees, shop
D:3:      layout_loops_corners, nicolae_overflow_hidden_temple, tgw_trog,
          uniq_natasha
D:4:      layout_basic, lemuel_crystal_altar, minmay_temple_entry_glass,
          grunt_decor_mini_mirrors, roderic_serpentine_path,
          vehumet_altar_wand_db
D:5:      layout_cave_pods, basic_altar
Temple:   kb_temple_of_zot

Skill      XL: |  1  2  3  4  5  6  7 |
---------------+----------------------+-----
Conjurations   | 2 3 |  3.0
Summonings     | 2 3 |  3.0
Stealth        | 2 |  2.0
Fighting       | 2 4 |  4.2
Poison Magic   | 1 |  1.0
Air Magic      | 1 |  1.0
Spellcasting   | 4 5 |  5.0
Fire Magic     | 2 |  2.0
Dodging        | |  1.7
Translocations | |  0.8

Action                   |  1- 3 |  4- 6 |  7- 9 || total
-------------------------+-------+-------+-------++-------
Melee: Dagger            |    50 |    69 |    35 ||   154
       Kick              |     8 |       |     9 ||    17
 Cast: Magic Dart        |   114 |   198 |    52 ||   364
       Call Imp          |     2 |    10 |       ||    12
       Conjure Flame     |       |     1 |     4 ||     5
       Mephitic Cloud    |       |       |     1 ||     1
Invok: Sacrifice Durabil |       |       |     1 ||     1
  Use: Scroll            |     2 |     8 |     1 ||    11
 Stab: Distracted        |     1 |       |       ||     1
       Sleeping          |       |     1 |       ||     1
Armor: Robe              |     7 |    13 |     1 ||    21
Dodge: Dodged            |    69 |   102 |    30 ||   201

Table legend: (Time is in decaauts)
 A = Elapsed time spent in this place.
 B = Non-inter-level travel time spent in this place.
 C = Inter-level travel time spent in this place.
 D = Time resting spent in this place.
 E = Time spent auto-exploring this place.
 F = Levels seen in this place.
 G = Mean time per level.
                   A        B        C        D        E       F      G
               +--------+--------+--------+--------+--------+-----+--------+
         Total |   8485 |   8195 |    290 |    420 |   6614 |   6 | 1414.2 |
       Dungeon |   8329 |   8054 |    275 |    420 |   6481 |   5 | 1665.8 |
        Temple |    155 |    140 |     15 |      0 |    133 |   1 |  155.0 |
               +--------+--------+--------+--------+--------+-----+--------+

Top non-repeatable levels by time:
     D:1: 2173 daAuts
     D:3: 1828 daAuts
     D:4: 1752 daAuts
     D:5: 1603 daAuts
     D:2: 971 daAuts
  Temple: 155 daAuts
